 Dungeon Crawl Stone Soup version 0.28.0 (webtiles) character file.

Game seed: 4646879251384789681

38418 Strat the Cleaver (level 13, 0/123 (129) HPs)
             Began as a Deep Dwarf Fighter on Feb 8, 2022.
             Was an Elder of Makhleb.
             Killed from afar by an orc sorcerer (24 damage)
             ... with a bolt of negative energy
             ... on level 1 of the Orcish Mines.
             The game lasted 00:41:02 (8398 turns).

Strat the Cleaver (Deep Dwarf Fighter)              Turns: 8398, Time: 00:41:03

HP:   0/123 (129)   AC: -9    Str: 23    XL:     13   Next: 63%
MP:   12/12         EV:  8    Int: 11    God:    Makhleb [****..]
Gold: 1432          SH:  5    Dex: 12    Spells: 12/12 levels left

rFire   + + .      SeeInvis .   a - +1 war axe (freeze)
rCold   . . .      Faith    .   c - +0 buckler
rNeg    . . .      Spirit   .   E - +2 chain mail {rF+}
rPois   .          Reflect  .   q - +2 helmet
rElec   .          Harm     .   (no cloak)
rCorr   .          Rampage  .   (no gloves)
Will    +....                   (no boots)
Stlth   ..........              (no amulet)
HPRegen 0.00/turn               m - +4 ring of protection
MPRegen 0.13/turn               G - ring of protection from fire

@: spiked, corroded, lightly drained, invisible
A: damage resistance, heal wounds, sense surroundings 2, no regeneration
a: Heal Wounds, Renounce Religion, Minor Destruction, Lesser Servant of Makhleb,
Major Destruction


You were on level 1 of the Orcish Mines.
You worshipped Makhleb.
Makhleb was greatly pleased with you.
You visited 4 branches of the dungeon, and saw 18 of its levels.
You also visited: Volcano.

You collected 1432 gold pieces.

Inventory:

Hand Weapons
 a - a +1 war axe of freezing (weapon)
 b - a +0 hand axe of flaming
 z - a +0 battleaxe
 B - the +4 whip "Dwarf's Doom" {venom, rPois Will++ MP+9 Str-3}
   (You found it on level 3 of the Lair of Beasts)

   It poisons the flesh of those it strikes.
   Str:       It affects your strength (-3).
   rPois:     It protects you from poison.
   MP:        It affects your magic capacity (+9).
   Will:      It greatly increases your willpower.
Missiles
 f - 370 stones
 u - 5 boomerangs
 H - 4 atropa-tipped darts
Armour
 c - a +0 buckler (worn)
 j - a +0 scale mail
 n - a +0 plate armour
 q - a +2 helmet (worn)
 A - a +0 tower shield of fire resistance
 E - a +2 chain mail of fire resistance (worn)
 K - +0 fire dragon scales
Jewellery
 d - a ring of wizardry
 m - a +4 ring of protection (left hand)
 r - a ring of positive energy
 G - a ring of protection from fire (right hand)
 I - a ring of see invisible
 J - a ring of protection from cold
Wands
 e - a wand of iceblast (6)
 w - a wand of acid (1)
 y - a wand of polymorph (2)
Scrolls
 i - a scroll of fog
 o - a scroll of enchant armour
 v - 2 scrolls of amnesia
 x - 3 scrolls of enchant weapon
 M - a scroll of identify
Potions
 h - a potion of flight
 k - 2 potions of lignification
 l - 7 potions of curing
 s - a potion of brilliance
 t - a potion of mutation
 C - a potion of magic
 D - a potion of haste {unknown}
 F - a potion of attraction {unknown}


   Skills:
 + Level 12.1 Fighting
 - Level 14.0 Axes
 + Level 12.7 Armour
 + Level 5.1 Shields
 + Level 13.7 Invocations


You had 12 spell levels left.
You didn't know any spells.
Your spell library contained the following spells:

 Spells                   Type           Power      Damage    Failure   Level
 Beastly Appendage        Tmut           0%         N/A       92%         1
 Foxfire                  Conj/Fire      0%         2x1d4     92%         1
 Sandblast                Erth           0%         2d4       92%         1
 Slow                     Hex            0%         N/A       92%         1
 Ensorcelled Hibernation  Hex/Ice        0%         N/A       98%         2
 Passwall                 Tmut/Erth      0%         N/A       98%         2
 Wereblood                Tmut           0%         N/A       98%         2
 Confusing Touch          Hex            0%         N/A       100%        3
 Conjure Flame            Conj/Fire      0%         6-21      100%        3
 Frozen Ramparts          Ice            0%         1d2       100%        3
 Inner Flame              Hex/Fire       0%         N/A       100%        3
 Spider Form              Tmut/Pois      0%         N/A       100%        3
 Stone Arrow              Conj/Erth      0%         3d7       100%        3
 Vampiric Draining        Necr           0%         2d6       100%        3
 Anguish                  Hex/Necr       0%         N/A       100%        4
 Cause Fear               Hex            0%         N/A       100%        4
 Flame Wave               Conj/Fire      0%         2d4       100%        4
 Ice Form                 Ice/Tmut       0%         N/A       100%        4
 Summon Ice Beast         Ice/Summ       0%         N/A       100%        4
 Discord                  Hex            0%         N/A       100%        8


Dungeon Overview and Level Annotations

Branches:
Dungeon (10/15)            Temple (1/1) D:6            Lair (6/6) D:10
 Shoals (0/4) Lair:2       Spider (0/4) Lair:2        Slime (0/5) Lair:6
    Orc (1/2) D:10        Volcano (visited)

Altars:
Ashenzari
Cheibriados
Dithmenos
Fedhas
Hepliaklqana
Kikubaaqudgha
Makhleb
Nemelex Xobeh
Okawaru
Qazlal
Ru
Sif Muna
Trog
Uskayaw
Wu Jian
Xom
Yredelemnul
Zin
The Shining One
Lugonu

Shops:
D:4 (   D:8 (

Annotations:
D:7 2 transporters
D:8 2 transporters
Lair:1 1 runed translucent door, Anonymone's ghost, journeyman DsGl


Innate Abilities, Weirdness & Mutations

You are resistant to damage.
You can heal yourself by infusing magical energy.
You passively map the area around you.
You do not regenerate.


Message History

* * * LOW HITPOINT WARNING * * *
You block the orc warrior's attack.
You feel much better. The ice devil closely misses you.
The orc sorcerer hits you with a +0 dagger.
* * * LOW HITPOINT WARNING * * *
The red devil hits you from afar with a +0 trident!!
* * * LOW HITPOINT WARNING * * *
Barbed spikes become lodged in your body.
You block the orc wizard's attack. The orc warrior barely misses you.
The orc warrior hits you from afar with a +0 trident!
* * * LOW HITPOINT WARNING * * *
You hit the orc sorcerer but do no damage.
The orc sorcerer is moderately wounded.
You catch the helpless ice devil completely off-guard!
You hit the ice devil but do no damage. You closely miss the orc wizard.
You slash the orc warrior! You freeze the orc warrior.
The ice devil closely misses you.
The orc sorcerer hits you with a +0 dagger.
* * * LOW HITPOINT WARNING * * *
You block the orc wizard's attack.
The barbs in your skin will harm you if you move.
Continue?
An orc comes into view. It is wielding a +0 club.
The barbed spikes dig painfully into your body as you move.
* * * LOW HITPOINT WARNING * * *
The orc shouts!
You block the orc warrior's attack.
The barbed spikes dig painfully into your body as you move.
* * * LOW HITPOINT WARNING * * *
The orc shouts!
The red devil disappears in a puff of smoke!
The barbed spikes dig painfully into your body as you move.
* * * LOW HITPOINT WARNING * * *
The orc shouts!
The ice devil hits you!
* * * LOW HITPOINT WARNING * * *
The ice devil freezes you!
* * * LOW HITPOINT WARNING * * *
The orc sorcerer casts a spell at you. The bolt of negative energy hits you!!
You feel drained.
You die...

,...................* ,,,
.....................* ,
,..................#.#* ,
,...........).......#
........o.........#
...............)...#.##
..#..........)o...o...#
.................4o..##
..........#.....@.o.#.#*
.................#.....#
.................^....##
#....................##
*#....................#
###..................# ##
###.........##.......##*#.##
#............###.#...###...
...............####.###...*


You could see an ice devil (summoned), an orc sorcerer, 2 orc warriors, an orc
wizard and an orc (wandering).

Vanquished Creatures
  A fire dragon (Lair:6)
  An anaconda (Lair:6)
  10 hydras
  A dancing weapon (Volcano)
  2 wizards (Volcano)
  A lindwurm (Lair:6)
  2 manticores (Lair:6)
  A cyclops (D:10)
  3 elephants (Lair:4)
  2 toenail golems (Volcano)
  2 molten gargoyles (Lair:6)
  10 black mambas
  9 cane toads
  5 rime drakes
  A demonic crawler (Lair:2)
  12 komodo dragons
  2 trolls (Orc:1)
  A hornet (Lair:2)
  12 blink frogs
  17 wyverns
  17 yaks
  6 basilisks
  A steam dragon (Lair:6)
  3 wargs
  15 water moccasins
  5 hell hounds (Lair:6)
  An orc warrior (D:8)
  Duvessa (D:7)
  2 black bears
  2 ice beasts (D:6)
  13 wolves
  2 centaurs
  2 ogres
  A kobold brigand (D:7)
  6 bullfrogs
  6 scorpions
  A water moccasin zombie (D:6)
  A wyvern zombie (D:7)
  Dowan (D:7)
  A water moccasin skeleton (D:5)
  A bullfrog zombie (D:5)
  5 lava snakes (Lair:6)
  2 hounds
  3 centaur zombies
  A jelly (D:7)
  4 orc priests
  3 iron imps (D:9)
  3 iguanas (D:6)
  4 hell rats (Lair:4)
  7 orc wizards
  5 adders
  A white imp (D:7)
  An ufetubus (D:4)
  A worm (D:4)
  A dart slug (D:1)
  15 orcs
  5 ball pythons
  8 endoplasms
  A giant cockroach (Lair:2)
  2 goblins (D:1)
  4 hobgoblins
  7 kobolds
  A quokka (D:4)
  3 bats
  4 frilled lizards
274 creatures vanquished.

Vanquished Creatures (collateral kills)
  A centaur (D:10)
1 creature vanquished.

Vanquished Creatures (others)
  27 fungi
  44 plants
71 creatures vanquished.

Grand Total: 346 creatures vanquished

Notes
Turn   | Place    | Note
-------+----------+-------------------------------------------
     0 | D:1      | Strat the Deep Dwarf Fighter began the quest for the Orb.
     0 | D:1      | Reached XP level 1. HP: 20/20 MP: 1/1
    71 | D:1      | Reached skill level 3 in Axes
    71 | D:1      | Reached XP level 2. HP: 10/27 MP: 2/2
   264 | D:2      | Reached XP level 3. HP: 30/33 MP: 3/3
   280 | D:2      | Reached skill level 4 in Axes
   510 | D:3      | Found an ancient bone altar of Kikubaaqudgha.
   573 | D:3      | Found a shadowy altar of Dithmenos.
   574 | D:3      | You fall into a shaft and drop 1 floor!
   593 | D:4      | Found a stormy altar of Qazlal.
   604 | D:4      | Reached XP level 4. HP: 29/40 MP: 4/4
   619 | D:4      | Reached skill level 5 in Axes
   644 | D:4      | Found a hazy altar of Hepliaklqana.
   776 | D:4      | Noticed a black bear
   799 | D:4      | Found Wyihy's Weapon Emporium.
   818 | D:5      | Entered Level 5 of the Dungeon
   840 | D:5      | Reached XP level 5. HP: 25/46 MP: 5/5
   947 | D:5      | Reached skill level 6 in Axes
  1176 | D:5      | Found a glowing golden altar of the Shining One.
  1546 | D:6      | Noticed a necrophage
  1623 | D:6      | Noticed a centaur
  1633 | D:6      | Killed a centaur
  1634 | D:6      | Reached XP level 6. HP: 54/56 MP: 5/5
  1656 | D:6      | Found a staircase to the Ecumenical Temple.
  1657 | D:6      | Noticed an ice beast
  1674 | D:6      | Killed an ice beast
  1681 | Temple   | Entered the Ecumenical Temple
  1818 | D:6      | Reached skill level 7 in Axes
  1818 | D:6      | Reached XP level 7. HP: 35/64 MP: 6/6
  1992 | D:6      | Reached skill level 5 in Armour
  2243 | D:6      | Reached skill level 5 in Fighting
  2298 | D:7      | Reached skill level 8 in Axes
  2314 | D:7      | Found a sacrificial altar of Ru.
  2328 | D:7      | Noticed Dowan
  2329 | D:7      | Noticed Duvessa
  2330 | D:7      | Found a transporter.
  2344 | D:7      | Killed Duvessa
  2345 | D:7      | Reached XP level 8. HP: 49/74 MP: 6/6
  2348 | D:7      | Killed Dowan
  2353 | D:7      | Found a transporter.
  2502 | D:7      | Reached skill level 9 in Axes
  2532 | D:7      | Reached skill level 10 in Axes
  2579 | D:7      | Gained mutation: You passively map the area around you.
                  | [Deep Dwarf growth]
  2579 | D:7      | Reached XP level 9. HP: 23/82 MP: 7/7
  2968 | D:8      | Found a shimmering altar of Xom.
  2972 | D:8      | Found a shimmering altar of Xom.
  2972 | D:8      | Found a shimmering altar of Xom.
  2973 | D:8      | Found Gosir's Weapon Boutique.
  2976 | D:8      | Found a shimmering altar of Xom.
  2976 | D:8      | Found a shimmering altar of Xom.
  2976 | D:8      | Found a shimmering altar of Xom.
  2976 | D:8      | Found a shimmering altar of Xom.
  2977 | D:8      | Found a shimmering altar of Xom.
  3017 | D:8      | Found a hide-covered altar of Uskayaw.
  3168 | D:8      | Found a transporter.
  3174 | D:8      | Noticed a gargoyle
  3174 | D:8      | Noticed a manticore
  3175 | D:8      | Noticed a centaur warrior
  3184 | D:8      | Found a snail-covered altar of Cheibriados.
  3185 | D:8      | Found a broken altar of Ashenzari.
  3197 | D:8      | Found a transporter.
  3275 | D:8      | Found a shimmering blue altar of Sif Muna.
  3303 | D:8      | Reached skill level 11 in Axes
  3335 | D:8      | Noticed a queen bee
  3560 | D:9      | Found a burning altar of Makhleb.
  3606 | D:9      | Became a worshipper of Makhleb the Destroyer
  3639 | D:10     | Entered Level 10 of the Dungeon
  3639 | D:10     | Noticed a cyclops
  3656 | D:10     | Killed a cyclops
  3715 | D:10     | Found an ornate altar of the Wu Jian Council.
  3806 | D:10     | Found a staircase to the Lair.
  3862 | Lair:1   | Entered Level 1 of the Lair of Beasts
  3863 | Lair:1   | Noticed a cane toad
  3884 | Lair:1   | Killed a cane toad
  3885 | Lair:1   | Reached XP level 10. HP: 65/94 MP: 8/8
  3890 | Lair:1   | Identified the +8 halberd of the Grave {pain, rN+ Dex+5
                  | Stlth-}
  3917 | Lair:1   | Found a runed translucent door.
  3917 | Lair:1   | Noticed Anonymone's ghost (journeyman DsGl)
  3995 | Lair:1   | Reached skill level 12 in Axes
  4328 | Lair:2   | Noticed a catoblepas
  4364 | Lair:2   | Noticed a catoblepas
  4383 | Lair:2   | Noticed a black mamba
  4394 | Lair:2   | Killed a black mamba
  4396 | Lair:2   | Noticed a cane toad
  4403 | Lair:2   | Killed a cane toad
  4433 | Lair:2   | Reached * piety under Makhleb
  4446 | Lair:2   | Noticed a cane toad
  4464 | Lair:2   | Killed a cane toad
  4465 | Lair:2   | Found a hole to the Spider Nest.
  4500 | Lair:2   | Reached XP level 11. HP: 65/104 MP: 8/8
  4511 | Lair:2   | Reached skill level 13 in Axes
  4511 | Lair:2   | Reached skill level 10 in Armour
  4528 | Lair:2   | Noticed an eight-headed hydra
  4782 | Lair:3   | Identified the +4 whip "Dwarf's Doom" {venom, rPois Will++
                  | MP+9 Str-3}
  4967 | Lair:3   | Found a dark tunnel.
  4976 | Volcano  | Entered a volcano
  4983 | Volcano  | Noticed a wizard
  5000 | Volcano  | Killed a wizard
  5014 | Volcano  | Noticed a wizard
  5016 | Volcano  | Killed a wizard
  5060 | Volcano  | Noticed a +1 mace of flaming
  5114 | Volcano  | Killed a +1 mace of flaming
  5115 | Volcano  | Reached skill level 10 in Fighting
  5115 | Volcano  | Reached skill level 14 in Axes
  5198 | Volcano  | Noticed a wizard
  5199 | Volcano  | Noticed a wizard
  5270 | Lair:3   | Reached skill level 1 in Invocations
  5348 | Lair:3   | Reached ** piety under Makhleb
  5574 | Lair:4   | Noticed a five-headed hydra
  5574 | Lair:4   | Noticed an eight-headed hydra
  5581 | Lair:3   | Reached skill level 5 in Shields
  5588 | Lair:3   | Reached skill level 5 in Invocations
  5629 | Lair:4   | Noticed a death yak
  5629 | Lair:4   | Noticed a death yak
  5670 | Lair:4   | Noticed an eight-headed hydra
  5677 | Lair:4   | Killed a four-headed hydra
  5727 | Lair:4   | Noticed a death yak
  5728 | Lair:4   | Noticed a death yak
  5781 | Lair:4   | Noticed a seven-headed hydra
  5875 | Lair:4   | Reached XP level 12. HP: 59/116 MP: 11/11
  6038 | Lair:4   | Noticed a catoblepas
  6173 | Lair:4   | Killed a four-headed hydra
  6213 | Lair:4   | Reached skill level 10 in Invocations
  6340 | Lair:5   | Reached *** piety under Makhleb
  6416 | Lair:5   | Noticed a six-headed hydra
  6426 | Lair:5   | Killed a one-headed hydra
  6669 | Lair:6   | Entered Level 6 of the Lair of Beasts
  6802 | Lair:6   | Noticed a six-headed hydra
  6832 | Lair:6   | Killed a one-headed hydra
  6868 | Lair:6   | Noticed an anaconda
  6899 | Lair:6   | Killed an anaconda
  6938 | Lair:6   | Noticed a five-headed hydra
  6960 | Lair:6   | Killed a one-headed hydra
  7111 | Lair:6   | Noticed a four-headed hydra
  7123 | Lair:6   | Killed a one-headed hydra
  7202 | Lair:6   | Reached XP level 13. HP: 84/127 MP: 15/15
  7302 | Lair:6   | Found a staircase to the Slime Pits.
  7513 | Lair:6   | Found a large runed translucent door.
  7586 | Lair:6   | Reached **** piety under Makhleb
  7700 | Lair:6   | Found a large runed translucent door.
  7715 | Lair:6   | Noticed a fire dragon
  7733 | Lair:6   | Killed a fire dragon
  8206 | D:10     | Found a staircase to the Orcish Mines.
  8232 | Orc:1    | Entered Level 1 of the Orcish Mines
  8398 | Orc:1    | Killed from afar by an orc sorcerer

Illustrated notes

Levels and vault maps discovered:
D:1:      shiori_arrival_maze, layout_basic
D:2:      layout_basic, hellmonk_ecumenical_altar_run_dry,
          minmay_misc_feat_nine_boxes, minmay_tetromino_s4
D:3:      layout_basic, nicolae_vehumet_altar_sigil,
          nicolae_kikubaaqudgha_miasma_corner, lemuel_crystal_altar,
          grunt_gozag_breadcrumbs, uniq_sigmund, uniq_crazy_yiuf_cottage
D:4:      layout_cave_pools, lemuel_crystal_altar, mainiacjoe_overflow_paths,
          serial_shops, nicolae_shop_bloodbath_and_beyond
D:5:      layout_loops_corners, tso_altar
D:6:      layout_gridville, minmay_temple_entry_drinking_statues
D:7:      nicolae_cairo_tiling, layout_loops_ring,
          nicolae_ru_sacrificial_ziggurat, gammafunk_ghost_gnarly_gnolls,
          minmay_misc_feat_encased, uniq_duvessa
D:8:      layout_basic, nicolae_overflow_crystal_walls,
          gammafunk_temple_overflow_arena, kennysheep_little_box,
          xom_shifter_show, serial_shops, nicolae_shop_trees,
          mrwooster_statue_mirror
D:9:      layout_roguey, demons_altar, serial_shops, shop, nicolae_two_hexagons
D:10:     layout_rooms, lemuel_tele_altar, general_overflow_altar,
          lair_entry_dummy, minmay_orc_entry_guard_dogs, kennysheep_kite_vault
Temple:   corrupted_temple
Lair:1:   layout_cave_shapes, ebering_ghost_inner_flame,
          chequers_serial_rivers_marsh, serial_bayou_ford_a
Lair:2:   layout_gridlike, elwin_shoals_entry_rooms,
          nicolae_spider_entry_non_spiders, beast_lair_carwin_5
Lair:3:   layout_layer_cave, nicolae_volcano_entry_two_sided
Lair:4:   layout_loops_ring, special_room [special_room_mythical_zoo],
          grunt_megastairs_2
Lair:5:   layout_roguey
Lair:6:   cheibrodos_lair_end_hotspot, layout_cave_pods,
          minmay_slime_entry_oklob_enclosed, minmay_shattered_shrine
Orc:1:    layout_caves, serial_shops, shop, nicolae_lakefront_shop,
          hellmonk_guarded_unrand_dark_maul

Skill      XL: |  1  2  3  4  5  6  7  8  9 10 11 12 13 |
---------------+----------------------------------------+-----
Axes           | 3 4 5 6 7 8 10 11 12 14 | 14.0
Fighting       | 3 4 5 7 8 10 11 12 | 12.1
Armour         | 4 5 6 8 9 10 11 12 | 12.7
Shields        | 5 |  5.1
Invocations    | 7 12 13 | 13.7

Action                   |  1- 3 |  4- 6 |  7- 9 | 10-12 | 13-15 || total
-------------------------+-------+-------+-------+-------+-------++-------
Melee: War axe           |    90 |   116 |   324 |   579 |   303 ||  1412
       Hand axe          |       |       |       |    46 |    36 ||    82
Invok: Lesser Servant of |       |       |       |       |     1 ||     1
 Abil: Heal Wounds       |     1 |     9 |    14 |    34 |    19 ||    77
Evoke: Wand              |       |       |     3 |     7 |       ||    10
  Use: Scroll            |       |    10 |     9 |    10 |     2 ||    31
       Potion            |       |       |       |     3 |     4 ||     7
 Stab: Invisible         |       |       |       |       |     4 ||     4
Armor: Scale mail        |    52 |    59 |       |       |       ||   111
       Plate armour      |       |    62 |   194 |   158 |       ||   414
       Chain mail        |       |       |       |   233 |   222 ||   455
Dodge: Dodged            |    50 |    42 |    81 |   208 |   148 ||   529
Block: Buckler           |    24 |    27 |    54 |   139 |    97 ||   341
